[Event "DVM U14 2021"]
[Site "Willingen"]
[Date "2022.08.14"]
[Round "3"]
[White "Lichtinger, Simon"]
[Black "Herfurt, Manuel"]
[Result "1-0"]
[ECO "C00"]
[WhiteElo "1473"]
[BlackElo "1656"]
[Annotator "NA RC"]
[PlyCount "81"]
[EventDate "2022.08.12"]
[EventType "team-tourn"]
[EventRounds "7"]
[EventCountry "GER"]
[SourceTitle "playchess.com"]
[Source "ChessBase"]
[SourceQuality "1"]
[TimeControl "40/5400+30:1800+30"]

1. Nf3 d5 2. g3 c5 3. Bg2 Nf6 4. d3 Nc6 5. O-O e6 6. Nbd2 Be7 7. e4 dxe4 8. dxe4 O-O 9. Qe2 Qc7 10. e5 Nd5 11. c3 Rd8 12. Re1 Bd7 13. Nf1 h6 14. h4 Bf8 15. N1h2 Nce7 16. h5 Bc6 17. g4 Kh8 18. g5 Ng8 19. Ng4 Qe7 20. Kh2 Qe8 21. Nh4 Nde7 22. gxh6 Nxh6 23. Nxh6 gxh6 24. Rg1 Bg7 25. Bf4 Nd5 26. Bxd5 Bxd5 27. Qg4 Qf8 28. Rg3 Kh7 29. Rag1 Bh8 30. Ng6 Qg7 31. Nxh8 Qxg4 32. Rxg4 Kxh8 33. Bxh6 Rg8 34. Bg7+ Kh7 35. h6 Bxa2 36. Rf4 b6 37. Rxf7 Bb3 38. Bf8+ Kh8 39. Rxg8+ Kxg8 40. h7+ Kh8 41. Be7 1-0

[Event "DVM U14 2021"]
[Site "Willingen"]
[Date "2022.08.14"]
[Round "3"]
[White "Fock, Madiha"]
[Black "Keck, Johannes"]
[Result "1-0"]
[ECO "B47"]
[WhiteElo "1472"]
[BlackElo "1310"]
[Annotator "NA RC"]
[PlyCount "51"]
[EventDate "2022.08.12"]
[EventType "team-tourn"]
[EventRounds "7"]
[EventCountry "GER"]
[SourceTitle "playchess.com"]
[Source "ChessBase"]
[SourceQuality "1"]
[TimeControl "40/5400+30:1800+30"]

1. e4 c5 2. Nf3 e6 3. d4 cxd4 4. Nxd4 Nc6 5. Nc3 Qc7 6. Nxc6 bxc6 7. Bd3 d5 8. exd5 cxd5 9. O-O Nf6 10. Nb5 Qb8 11. Re1 a6 12. Nd4 Bd6 13. h3 O-O 14. c3 h6 15. Qc2 Bc5 16. Nf3 Bd6 17. b3 Bb7 18. Bb2 Qc7 19. Rad1 Rac8 20. Nd4 Rfe8 21. Qe2 Nd7 22. Nf3 Nc5 23. Bb1 Be7 24. b4 Na4 25. Qc2 Nxb2 26. Qh7+ 1-0

[Event "DVM U14 2021"]
[Site "Willingen"]
[Date "2022.08.14"]
[Round "3"]
[White "Grozea, Nicolae Theodor"]
[Black "Wedekind, Ferdinand"]
[Result "1/2-1/2"]
[ECO "C48"]
[WhiteElo "1467"]
[BlackElo "1446"]
[Annotator "NA RC"]
[PlyCount "90"]
[EventDate "2022.08.12"]
[EventType "team-tourn"]
[EventRounds "7"]
[EventCountry "GER"]
[SourceTitle "playchess.com"]
[Source "ChessBase"]
[SourceQuality "1"]
[TimeControl "40/5400+30:1800+30"]

1. e4 e5 2. Nf3 Nc6 3. Nc3 Nf6 4. Bb5 Nd4 5. Nxd4 exd4 6. e5 dxc3 7. exf6 Qxf6 8. dxc3 Bc5 9. Qe2+ Qe6 10. Bc4 Qxe2+ 11. Bxe2 O-O 12. O-O b6 13. Bf3 Ba6 14. Re1 Rae8 15. Bf4 c6 16. Bg4 Bc8 17. Rad1 Rxe1+ 18. Rxe1 a5 19. a3 d5 20. Bxc8 Rxc8 21. b4 Bf8 22. Be3 Rb8 23. Bf4 Rc8 24. Rd1 a4 25. Kf1 Re8 26. Bc7 b5 27. Bb6 g6 28. Bd4 Bg7 29. f3 f5 30. Kf2 Kf7 31. h3 h6 32. Rd2 Bf6 33. Rd1 Bh4+ 34. g3 Bf6 35. Rd2 Re7 36. Rd3 Re8 37. Re3 Re6 38. Rxe6 Kxe6 39. Ke3 Bg5+ 40. f4 Bf6 41. Bxf6 Kxf6 42. Kd4 Ke6 43. Kd3 h5 44. h4 Ke7 45. Ke3 Ke6 1/2-1/2

[Event "DVM U14 2021"]
[Site "Willingen"]
[Date "2022.08.14"]
[Round "3"]
[White "Marcziter, Alex"]
[Black "Tietz, Bennit"]
[Result "1-0"]
[ECO "C58"]
[WhiteElo "1466"]
[BlackElo "1684"]
[Annotator "NA RC"]
[PlyCount "75"]
[EventDate "2022.08.12"]
[EventType "team-tourn"]
[EventRounds "7"]
[EventCountry "GER"]
[SourceTitle "playchess.com"]
[Source "ChessBase"]
[SourceQuality "1"]
[TimeControl "40/5400+30:1800+30"]

1. e4 e5 2. Nf3 Nc6 3. Bc4 Nf6 4. Ng5 d5 5. exd5 Na5 6. Bb5+ Bd7 7. Qe2 Be7 8. Nc3 Bxb5 9. Qxb5+ c6 10. dxc6 Nxc6 11. O-O O-O 12. Nge4 Nxe4 13. Nxe4 Nd4 14. Qd3 f5 15. Ng3 e4 16. Qc4+ Kh8 17. Ne2 Nc6 18. d4 exd3 19. Qxd3 Qb6 20. Qb3 Qc7 21. Bf4 Bd6 22. Bxd6 Qxd6 23. Rad1 Qe5 24. Rfe1 Rad8 25. Nc3 Rxd1 26. Rxd1 Re8 27. h3 h6 28. Qxb7 Re6 29. Qd7 Rg6 30. Qd5 Qf4 31. Re1 h5 32. g3 Qd4 33. Qxf5 Kh7 34. Re6 Ne7 35. Rxe7 Kh6 36. Re6 Rxe6 37. Qxe6+ Kh7 38. Qe4+ 1-0

[Event "DVM U14 2021"]
[Site "Willingen"]
[Date "2022.08.14"]
[Round "3"]
[White "Finck, Jonathan"]
[Black "Le, Dinh An"]
[Result "1/2-1/2"]
[ECO "B23"]
[WhiteElo "1424"]
[BlackElo "1470"]
[Annotator "NA RC"]
[PlyCount "103"]
[EventDate "2022.08.12"]
[EventType "team-tourn"]
[EventRounds "7"]
[EventCountry "GER"]
[SourceTitle "playchess.com"]
[Source "ChessBase"]
[SourceQuality "1"]
[TimeControl "40/5400+30:1800+30"]

1. e4 e6 2. Nc3 d5 3. g3 Be7 4. Bg2 Nf6 5. d3 c5 6. Qe2 Nc6 7. Nf3 d4 8. Nd1 b5 9. O-O Qc7 10. c3 e5 11. Nd2 Ba6 12. b3 Rb8 13. c4 O-O 14. Nb2 Rfd8 15. Nf3 b4 16. Nh4 Bc8 17. f4 Ng4 18. f5 Bxh4 19. Qxg4 Bf6 20. h4 Kh8 21. h5 h6 22. Qh3 Qe7 23. g4 Bg5 24. Nd1 Bxc1 25. Rxc1 Qg5 26. Rc2 Rd6 27. Qg3 Bd7 28. Kf2 Re8 29. Rh1 Qd8 30. Qh4 f6 31. Ke2 Qa5 32. Nf2 Qd8 33. Nh3 Rf8 34. Ng1 Ne7 35. Nf3 Ng8 36. Qg3 Re8 37. Nh4 Kh7 38. Ng6 Ra6 39. Ra1 Qc7 40. Qe1 Ra3 41. Nh4 Re7 42. Nf3 Re8 43. Nd2 Rb8 44. Rb2 Ra5 45. Nb1 Qc6 46. a3 Qc7 47. a4 Qd8 48. Bf1 Qc7 49. Qd1 Qd8 50. Ke1 Ne7 51. Rh2 Ng8 52. Rh1 1/2-1/2

[Event "DVM U14 2021"]
[Site "Willingen"]
[Date "2022.08.14"]
[Round "3"]
[White "Rudolph, Alexander"]
[Black "Jones, Richard S."]
[Result "1-0"]
[ECO "C54"]
[WhiteElo "1417"]
[BlackElo "2394"]
[Annotator "TA"]
[PlyCount "82"]
[EventDate "2022.08.12"]
[EventType "team-tourn"]
[EventRounds "7"]
[EventCountry "GER"]
[SourceTitle "playchess.com"]
[Source "ChessBase"]
[SourceQuality "1"]
[TimeControl "40/5400+30:1800+30"]

1. e4 e5 2. Nf3 Nc6 3. Bc4 Bc5 4. d3 d6 5. Nbd2 Nf6 6. c3 Bg4 7. O-O O-O 8. h3 Be6 {[%emt 0:00:23] C54: Giuoco Piano: 4 c3 Nf6, main lines with 5 d4 and 5 d3.} 9. Re1 Re8 {[%emt 0:07:45] [#]} 10. Nf1 $146 ({Predecessor:} 10. Bb5 Bd7 11. Nf1 h6 12. Ng3 a6 13. Ba4 Ne7 14. Bxd7 Qxd7 15. Nh4 Qe6 16. Qf3 Nh7 17. Nhf5 Nxf5 18. exf5 Qc8 19. Ne4 f6 20. h4 {½-½ (20) Semkoff,A (2103)-Maisch,F (2174) Dresden 2000}) 10... Bxc4 {[%emt 0:01:47] The position is equal.} (10... Nxe4 {with more complications.} 11. Bxe6 Bxf2+ 12. Kh2 Bxe1 13. dxe4 fxe6 14. Qxe1 b6) 11. dxc4 h6 12. Ng3 a6 (12... a5 {is more complex.} 13. Nh4 Kh7 14. Nhf5 Ne7) 13. Bd2 Qd7 14. Qc1 Qe6 15. b3 Ne7 16. Nh4 Kh7 17. Nhf5 {[%emt 0:02:28] [#]} (17. a4 $11 {keeps the balance.}) 17... Nfg8 (17... Nxe4 $1 $17 18. Nxe4 (18. Nd4 Bxd4) 18... Nxf5 19. Nxc5 dxc5) 18. b4 (18. Qc2 $11) 18... Ba7 $15 19. c5 dxc5 20. Re3 (20. Be3 $15) 20... g6 ({Black should try} 20... cxb4 $19 21. Rf3 Nxf5 22. exf5 Qd5 23. cxb4 Bd4) 21. Nh5 $2 gxh5 22. Rf3 Nxf5 23. Rxf5 Qg6 24. Qc2 Ne7 25. Rf3 Rg8 26. Rg3 Qe6 27. Rf3 cxb4 28. cxb4 Qg6 29. g3 h4 30. g4 h5 31. g5 Rad8 32. Bc1 Nc6 33. Qc4 Rg7 34. Kh2 Rd4 35. Qf1 Rxe4 $2 (35... Qxe4 $19 {is more deadly.} 36. Qg2 Rd1) 36. Rf6 $17 {[%emt 0:00:23] [#]} Re1 $2 37. Qxe1 $16 Qc2 {[%emt 0:00:19] [#]} (37... Qd3 $16) 38. Be3 $1 $18 Nd4 $2 (38... Bxe3 39. Qxe3 Kg8) 39. Qd1 $2 (39. Bxd4 Bxd4 40. Rc1 Bxf2 41. Rxf2 (41. Rxc2 Bxe1 42. Rxc7 Rxg5 $18)) 39... Qe4 (39... Qxd1 40. Rxd1 Bb6) 40. Qxh5+ Kg8 41. Rg1 {[%emt 0:32:11] Bxd4 is the strong threat.} Ne2 {[%emt 0:02:44] Weighted Error Value: White=0.61/Black=0.18 (very precise)} 1-0

[Event "DVM U14 2021"]
[Site "Willingen"]
[Date "2022.08.14"]
[Round "3"]
[White "Yue, Qihang"]
[Black "Lipinsky, Pierre"]
[Result "1-0"]
[ECO "D10"]
[WhiteElo "1401"]
[BlackElo "1560"]
[Annotator "NA RC"]
[PlyCount "37"]
[EventDate "2022.08.12"]
[EventType "team-tourn"]
[EventRounds "7"]
[EventCountry "GER"]
[SourceTitle "playchess.com"]
[Source "ChessBase"]
[SourceQuality "1"]
[TimeControl "40/5400+30:1800+30"]

1. d4 d5 2. c4 c6 3. cxd5 cxd5 4. Bf4 Nf6 5. e3 Nc6 6. Nc3 Bf5 7. Be2 e6 8. Qb3 Qd7 9. Nf3 a6 10. O-O Be7 11. Na4 Na5 12. Qd1 Qd8 13. Rc1 Bd6 14. Bxd6 Qxd6 15. Nc5 Rb8 16. Qa4+ Nc6 17. Nxa6 bxa6 18. Rxc6 Qd7 19. Ne5 1-0

[Event "DVM U14 2021"]
[Site "Willingen"]
[Date "2022.08.14"]
[Round "3"]
[White "Tran, Anh Duc Kevin"]
[Black "Liu, Leon"]
[Result "0-1"]
[ECO "B18"]
[WhiteElo "1398"]
[BlackElo "1256"]
[Annotator "NA RC"]
[PlyCount "132"]
[EventDate "2022.08.12"]
[EventType "team-tourn"]
[EventRounds "7"]
[EventCountry "GER"]
[SourceTitle "playchess.com"]
[Source "ChessBase"]
[SourceQuality "1"]
[TimeControl "40/5400+30:1800+30"]

1. e4 c6 2. d4 d5 3. Nc3 dxe4 4. Nxe4 Bf5 5. Ng3 Bg6 6. Nf3 Nd7 7. c4 e6 8. a3 Ngf6 9. Bd3 Bxd3 10. Qxd3 Be7 11. Bf4 Qa5+ 12. Bd2 Qc7 13. O-O O-O 14. Rfe1 Rad8 15. Rac1 Rfe8 16. b4 c5 17. dxc5 Nxc5 18. Qc2 Nd3 19. Ng5 Nxc1 20. Rxc1 h6 21. Nf3 Bd6 22. Ne2 e5 23. c5 Rc8 24. Qa4 Be7 25. h3 Red8 26. Bc3 e4 27. Nfd4 Nd5 28. Bb2 Bf6 29. Qb3 Nf4 30. Nxf4 Qxf4 31. Ne2 Qd2 32. Bxf6 gxf6 33. Rc2 Qd1+ 34. Kh2 Rd2 35. Qg3+ Kf8 36. Rxd2 Qxd2 37. Qd6+ Qxd6+ 38. cxd6 Rd8 39. Nc3 e3 40. fxe3 Rxd6 41. Nb5 Rd3 42. Nxa7 Rxa3 43. Nb5 Rxe3 44. Nd6 b6 45. b5 Rb3 46. h4 Rb4 47. Kg3 Rd4 48. Nf5 Rd5 49. Nxh6 Rxb5 50. Ng4 f5 51. Ne3 Rb3 52. Kf4 Rxe3 53. Kxe3 b5 54. Kd4 Kg7 55. Kc5 Kh6 56. Kxb5 Kh5 57. Kc4 Kxh4 58. Kd4 Kg5 59. Ke3 Kg4 60. Kf2 Kf4 61. g3+ Ke4 62. Ke2 f4 63. gxf4 Kxf4 64. Kf2 f5 65. Kf1 Kf3 66. Kg1 Ke2 0-1

[Event "DVM U14 2021"]
[Site "Willingen"]
[Date "2022.08.14"]
[Round "3"]
[White "Fettig, Michel"]
[Black "Klein, Maxim"]
[Result "0-1"]
[ECO "B13"]
[WhiteElo "1370"]
[BlackElo "1323"]
[Annotator "NA RC"]
[PlyCount "72"]
[EventDate "2022.08.12"]
[EventType "team-tourn"]
[EventRounds "7"]
[EventCountry "GER"]
[SourceTitle "playchess.com"]
[Source "ChessBase"]
[SourceQuality "1"]
[TimeControl "40/5400+30:1800+30"]

1. e4 c6 2. d4 d5 3. exd5 cxd5 4. Bf4 Nc6 5. c3 Nf6 6. Bd3 Bg4 7. Ne2 e6 8. Qc2 Bxe2 9. Qxe2 h6 10. Nd2 Bd6 11. Bg3 Rc8 12. Nf3 O-O 13. Bh4 Be7 14. Bc2 Qa5 15. Qd3 Ne4 16. Bxe7 Nxe7 17. Nd2 f5 18. O-O Rc7 19. f3 Nd6 20. Nb3 Qb6 21. Nc5 Nf7 22. Rfe1 e5 23. Ba4 e4 24. fxe4 fxe4 25. Qg3 Rd8 26. Qg4 Rd6 27. Rf1 Rg6 28. Qh5 Qxb2 29. g3 b6 30. Be8 Kh7 31. Rab1 Qxa2 32. Ra1 Qb2 33. Rab1 Qc2 34. Rbc1 Qb2 35. Rb1 Qa2 36. h4 Rxg3+ 0-1

[Event "DVM U14 2021"]
[Site "Willingen"]
[Date "2022.08.14"]
[Round "3"]
[White "Gering, Jakob"]
[Black "Mehner, Lorenz"]
[Result "1-0"]
[ECO "D02"]
[WhiteElo "1349"]
[BlackElo "1602"]
[Annotator "NA RC"]
[PlyCount "69"]
[EventDate "2022.08.12"]
[EventType "team-tourn"]
[EventRounds "7"]
[EventCountry "GER"]
[SourceTitle "playchess.com"]
[Source "ChessBase"]
[SourceQuality "1"]
[TimeControl "40/5400+30:1800+30"]

1. d4 Nf6 2. Bf4 c5 3. c3 e6 4. e3 d5 5. Nd2 Nc6 6. Ngf3 Bd6 7. Bg3 O-O 8. Bd3 Re8 9. Ne5 cxd4 10. exd4 Qc7 11. Ndf3 Rb8 12. O-O b5 13. Nxc6 Qxc6 14. Ne5 Qc7 15. Qe2 a6 16. a4 b4 17. cxb4 Rxb4 18. Bxa6 Bxa6 19. Qxa6 Rxb2 20. Rfc1 Qb6 21. Qd3 Bxe5 22. Bxe5 Ne4 23. a5 Qa7 24. Rc7 Rb7 25. Rxb7 Qxb7 26. Rb1 Qc8 27. a6 Nc3 28. Rb8 Qc6 29. Rxe8+ Qxe8 30. Qxc3 f6 31. Bg3 Qa4 32. Qc8+ Kf7 33. Qb7+ Kg6 34. h3 f5 35. Be5 1-0

[Event "DVM U14 2021"]
[Site "Willingen"]
[Date "2022.08.14"]
[Round "3"]
[White "Vesszö, Aaron"]
[Black "Dickel, Karl-Joachim"]
[Result "1-0"]
[ECO "D02"]
[WhiteElo "1306"]
[BlackElo "1178"]
[Annotator "NA RC"]
[PlyCount "37"]
[EventDate "2022.08.12"]
[EventType "team-tourn"]
[EventRounds "7"]
[EventCountry "GER"]
[SourceTitle "playchess.com"]
[Source "ChessBase"]
[SourceQuality "1"]
[TimeControl "40/5400+30:1800+30"]

1. d4 d5 2. Nf3 Nf6 3. g3 Nc6 4. Bg2 e6 5. O-O Be7 6. c4 dxc4 7. e3 O-O 8. Nbd2 Rb8 9. Nxc4 Nd7 10. a4 Bf6 11. b3 Nb6 12. Nxb6 cxb6 13. Qe2 e5 14. Rd1 exd4 15. Nxd4 Nxd4 16. exd4 Re8 17. Qd3 Bxd4 18. Qxd4 Re1+ 19. Rxe1 1-0

[Event "DVM U14 2021"]
[Site "Willingen"]
[Date "2022.08.14"]
[Round "3"]
[White "Huber, Laura"]
[Black "Malan, Jan-Willem"]
[Result "1/2-1/2"]
[ECO "B24"]
[WhiteElo "1302"]
[BlackElo "1747"]
[Annotator "NA RC"]
[PlyCount "54"]
[EventDate "2022.08.12"]
[EventType "team-tourn"]
[EventRounds "7"]
[EventCountry "GER"]
[SourceTitle "playchess.com"]
[Source "ChessBase"]
[SourceQuality "1"]
[TimeControl "40/5400+30:1800+30"]

1. e4 c5 2. Nc3 g6 3. f4 Bg7 4. Nf3 Nc6 5. d3 e6 6. g3 Nge7 7. Bg2 b6 8. O-O Bb7 9. Nh4 f5 10. e5 O-O 11. Nb5 Nc8 12. c3 a6 13. Na3 d6 14. d4 d5 15. Nc2 Qe7 16. Nf3 N8a7 17. Be3 Rfd8 18. Qe2 c4 19. Ng5 h6 20. Nh3 Kh7 21. Nf2 Rf8 22. h4 Rg8 23. Nh3 b5 24. Kh2 Nc8 25. Bf3 Nb6 26. h5 a5 27. hxg6+ Kxg6 1/2-1/2

[Event "DVM U14 2021"]
[Site "Willingen"]
[Date "2022.08.14"]
[Round "3"]
[White "Walter, Romeo"]
[Black "Braeutigam, Alexander"]
[Result "1/2-1/2"]
[ECO "B22"]
[WhiteElo "1197"]
[BlackElo "1771"]
[Annotator "NA RC"]
[PlyCount "141"]
[EventDate "2022.08.12"]
[EventType "team-tourn"]
[EventRounds "7"]
[EventCountry "GER"]
[SourceTitle "playchess.com"]
[Source "ChessBase"]
[SourceQuality "1"]
[TimeControl "40/5400+30:1800+30"]

1. e4 c5 2. c3 d5 3. exd5 Qxd5 4. d4 Nc6 5. Nf3 Bg4 6. Be2 Nf6 7. O-O e6 8. Bf4 Rd8 9. Be5 Be7 10. Na3 cxd4 11. cxd4 O-O 12. Nc2 Qa5 13. Qe1 Qb6 14. b3 Rd7 15. h3 Bh5 16. Rd1 Rc8 17. Bxf6 Bxf6 18. Ne5 Bxe5 19. dxe5 Rxd1 20. Bxd1 Bxd1 21. Qxd1 Nxe5 22. Re1 Qc7 23. Ne3 h6 24. Qd4 Nc6 25. Qc5 Rd8 26. Nc4 Qd7 27. Qe3 Qd5 28. Re2 Qd1+ 29. Re1 Qd4 30. Kf1 Kf8 31. Ke2 b5 32. Nd2 Qxe3+ 33. fxe3 Ke7 34. Rc1 Kd7 35. Ne4 Kc7 36. Nc5 Kb6 37. Nd3 a5 38. a4 bxa4 39. bxa4 Nb4 40. Ne5 f6 41. Nc4+ Ka6 42. Nd2 Rd7 43. Rc5 Kb6 44. Rb5+ Ka6 45. Nb3 Rd5 46. Nc5+ Ka7 47. Rxa5+ Kb6 48. Rb5+ Kc6 49. Nxe6 Rxb5 50. Nd4+ Kb6 51. axb5 Nd5 52. Kf3 Nc7 53. Kf4 g6 54. Ke4 Kc5 55. g4 Kb6 56. h4 Kc5 57. h5 gxh5 58. gxh5 Nd5 59. Ne6+ Kd6 60. Nf4 Ne7 61. Ng6 f5+ 62. Kf4 Nd5+ 63. Kxf5 Nxe3+ 64. Ke4 Ng4 65. b6 Nf6+ 66. Kf5 Nxh5 67. Ne5 Ng7+ 68. Kg6 Ne6 69. Kxh6 Nc5 70. Nc4+ Kc6 71. b7 1/2-1/2

[Event "DVM U14 2021"]
[Site "Willingen"]
[Date "2022.08.14"]
[Round "3"]
[White "Menne, Lukas"]
[Black "Widmann, Maximilian"]
[Result "0-1"]
[ECO "D02"]
[WhiteElo "1190"]
[BlackElo "1573"]
[Annotator "NA RC"]
[PlyCount "82"]
[EventDate "2022.08.12"]
[EventType "team-tourn"]
[EventRounds "7"]
[EventCountry "GER"]
[SourceTitle "playchess.com"]
[Source "ChessBase"]
[SourceQuality "1"]
[TimeControl "40/5400+30:1800+30"]

1. d4 d5 2. Bf4 Nf6 3. e3 c5 4. Nf3 Nc6 5. c3 Bf5 6. Be2 e6 7. O-O Be7 8. Nbd2 O-O 9. Ne5 Rc8 10. Ndf3 Ne4 11. Nxc6 Rxc6 12. Ne5 Rc8 13. Bd3 f6 14. Nf3 g5 15. Bg3 Nxg3 16. hxg3 Bxd3 17. Qxd3 Kg7 18. g4 Rh8 19. g3 Qb6 20. b3 c4 21. Qc2 cxb3 22. axb3 a6 23. Rab1 Qc6 24. Rfc1 Rc7 25. Nd2 h5 26. gxh5 Rxh5 27. c4 dxc4 28. f3 c3 29. Ne4 f5 30. g4 Rh8 31. gxf5 exf5 32. Nxg5 Bxg5 33. Qxf5 Bxe3+ 34. Kg2 Qg6+ 35. Qxg6+ Kxg6 36. Rc2 Bf4 37. Rg1 Rh2+ 38. Kf1+ Kf5 39. Rxh2 Bxh2 40. Rg8 c2 41. Rf8+ Kg6 0-1

[Event "DVM U14 2021"]
[Site "Willingen"]
[Date "2022.08.14"]
[Round "3"]
[White "Sun, Christopher"]
[Black "Gloria, Fabian"]
[Result "0-1"]
[ECO "D02"]
[WhiteElo "1091"]
[BlackElo "1420"]
[Annotator "NA RC"]
[PlyCount "106"]
[EventDate "2022.08.12"]
[EventType "team-tourn"]
[EventRounds "7"]
[EventCountry "GER"]
[SourceTitle "playchess.com"]
[Source "ChessBase"]
[SourceQuality "1"]
[TimeControl "40/5400+30:1800+30"]

1. d4 d5 2. Nf3 Nf6 3. g3 e6 4. Bg2 c5 5. O-O Nc6 6. c3 b6 7. Bf4 Bd6 8. Bxd6 Qxd6 9. e3 O-O 10. Nbd2 Bb7 11. c4 Ba6 12. b3 Rac8 13. Re1 Rfd8 14. Qc2 cxd4 15. exd4 dxc4 16. bxc4 Nxd4 17. Nxd4 Qxd4 18. Nb3 Qxc4 19. Qxc4 Rxc4 20. Bf1 Ra4 21. Red1 Nd5 22. Nd4 Bxf1 23. Kxf1 Nc3 24. Rdc1 Rxa2 25. Rxa2 Nxa2 26. Rc2 Nb4 27. Rc7 g6 28. Nb5 a5 29. Rb7 Nd5 30. f4 Kg7 31. Ke2 Rc8 32. Nd6 Rf8 33. Nc4 h5 34. Nxb6 Nxb6 35. Rxb6 Rc8 36. h4 Rc5 37. Ra6 Kf6 38. Ra7 e5 39. fxe5+ Rxe5+ 40. Kf3 Ke6 41. Kf4 Rf5+ 42. Ke4 Kd6 43. Ra6+ Kc7 44. Ra7+ Kb6 45. Ra8 Kb7 46. Rd8 Kb6 47. Ra8 Kb5 48. Rd8 Rc5 49. Rd5 Rxd5 50. Kxd5 a4 51. Ke5 a3 52. Kf6 a2 53. Kxf7 a1=Q 0-1

[Event "DVM U14 2021"]
[Site "Willingen"]
[Date "2022.08.14"]
[Round "4"]
[White "Jones, Richard S."]
[Black "Sun, Christopher"]
[Result "0-1"]
[ECO "C50"]
[WhiteElo "2394"]
[BlackElo "1091"]
[Annotator "TA"]
[PlyCount "54"]
[EventDate "2022.08.12"]
[EventType "team-tourn"]
[EventRounds "7"]
[EventCountry "GER"]
[SourceTitle "playchess.com"]
[Source "ChessBase"]
[SourceQuality "1"]
[TimeControl "40/5400+30:1800+30"]

1. e4 e5 2. Nf3 Nc6 3. Bc4 Nf6 4. d3 Bc5 5. Nc3 h6 6. a3 d6 {[%emt 0:00:31] 6...a6 is more advanced technology.} 7. h3 O-O {[%emt 0:00:54] C50: Hungarian Defence and Giuoco Pianissimo.} 8. Bd2 a6 9. O-O Ne7 {[%emt 0:01:07] The position is equal.} 10. Re1 {[%emt 0:03:11] [#]} Ng6 $146 ({Predecessor:} 10... b5 11. Ba2 Bb7 12. Be3 Nd7 13. d4 Bb6 14. dxe5 Bxe3 15. Rxe3 Nxe5 16. Nxe5 dxe5 {1-0 (31) Folch Raga,I-De Andres Sanchez,J Valencia 2003}) 11. Ne2 Be6 {[%emt 0:03:19] Threatens to win with ...Bxc4.} 12. Ba2 c6 13. Ng3 Qd7 14. Be3 Bxe3 15. fxe3 d5 16. exd5 cxd5 17. Kh2 Rac8 {[%emt 0:01:34] Black is more active.} 18. Qd2 (18. Bb3 $15) 18... Rfd8 (18... Qc7 $17 {Hoping for ...e4.} 19. e4 Qxc2) 19. Rac1 Kh8 20. Bb3 e4 21. Nd4 Qc7 (21... Qd6 $5 22. Qf2 Ne5 $15) 22. Red1 $2 {[%emt 0:11:18][%mdl 8192] [#] White does not recover from this.} (22. Qf2 $11 {and White stays safe.}) 22... h5 $1 $19 ({And not} 22... Nh5 23. Qf2 $15) 23. h4 (23. Qe1 $142 h4 24. Nde2) 23... Ng4+ ({Wrong is} 23... Bd7 $2 24. Qe1 $19) 24. Kg1 Qxg3 {[%emt 0:00:53] Black mates.} 25. Re1 Nxh4 26. Kf1 Nh2+ 27. Kg1 N2f3+ {[%emt 0:00:46] Weighted Error Value: White=0.94/Black=0.11 (very precise)} 0-1

[Event "DVM U14 2021"]
[Site "Willingen"]
[Date "2022.08.14"]
[Round "4"]
[White "Ehrig, Leon Chris"]
[Black "Apel, Linus"]
[Result "1-0"]
[ECO "C26"]
[WhiteElo "1832"]
[BlackElo "1488"]
[Annotator "NA RC"]
[PlyCount "77"]
[EventDate "2022.08.12"]
[EventType "team-tourn"]
[EventRounds "7"]
[EventCountry "GER"]
[SourceTitle "playchess.com"]
[Source "ChessBase"]
[SourceQuality "1"]
[TimeControl "40/5400+30:1800+30"]

1. e4 e5 2. Nc3 Nf6 3. g3 Bc5 4. Bg2 Nc6 5. Nge2 d6 6. O-O O-O 7. d3 h6 8. h3 Nh7 9. Na4 Bb6 10. Nxb6 axb6 11. f4 $14 f5 12. Be3 Qe7 13. Qd2 Bd7 14. Nc3 Qd8 15. Rae1 fxe4 16. dxe4 Be6 17. f5 Bc4 18. Rf2 Qf6 19. b3 Bf7 20. a4 Rad8 21. Nd5 Bxd5 22. exd5 Nb8 23. h4 Nd7 24. a5 bxa5 25. Qxa5 Rc8 26. Qb5 Qe7 27. Qxb7 Nhf6 28. Qb4 Rb8 29. Qc4 Nb6 30. Bxb6 Rxb6 31. Ra1 Rfb8 32. Ra4 Qd7 33. g4 Nh7 34. g5 hxg5 35. hxg5 Nxg5 36. Qh4 Nh7 37. f6 Rf8 38. Bh3 Qd8 39. Be6+ 1-0

[Event "DVM U14 2021"]
[Site "Willingen"]
[Date "2022.08.14"]
[Round "4"]
[White "Malinowsky, Levi"]
[Black "Englert, Luca"]
[Result "1-0"]
[ECO "B53"]
[WhiteElo "1814"]
[BlackElo "1741"]
[Annotator "NA RC"]
[PlyCount "105"]
[EventDate "2022.08.12"]
[EventType "team-tourn"]
[EventRounds "7"]
[EventCountry "GER"]
[SourceTitle "playchess.com"]
[Source "ChessBase"]
[SourceQuality "1"]
[TimeControl "40/5400+30:1800+30"]

1. e4 c5 2. Nf3 d6 3. d4 cxd4 4. Qxd4 Nc6 5. Qe3 g6 6. c4 Bg7 7. Nc3 Nf6 8. h3 O-O 9. Be2 e6 10. O-O Nb4 11. Qd2 d5 12. Rd1 Qa5 13. exd5 exd5 14. Nxd5 Nfxd5 15. cxd5 Qc5 16. a3 Na6 17. b4 Qd6 18. Bb2 Bxb2 19. Qxb2 Nc7 20. Bc4 b5 21. Bb3 Bb7 22. Rd4 Qf6 23. Qc1 Rac8 24. Qd1 Rfd8 25. Rc1 Qd6 26. Qd2 Rd7 27. Rd1 Rcd8 28. Qc3 Qa6 29. Ne5 Nxd5 30. Qf3 Nf6 31. Qe3 Rxd4 32. Rxd4 Bd5 33. Qd3 Qxa3 34. Kh2 Qb2 35. Nc6 Qxf2 36. Ne7+ Kg7 37. Nxd5 h5 38. Ne3 Re8 39. Nd1 Qe1 40. Rf4 h4 41. Nf2 Qe5 42. Qd4 Qxd4 43. Rxd4 g5 44. Nd3 Re2 45. Nc5 Nh5 46. Bd1 Re5 47. Bxh5 a5 48. Nd3 Re3 49. bxa5 f5 50. a6 Re7 51. Bf3 g4 52. hxg4 fxg4 53. Rxg4+ 1-0

[Event "DVM U14 2021"]
[Site "Willingen"]
[Date "2022.08.14"]
[Round "4"]
[White "Braeutigam, Alexander"]
[Black "Vecera, Fabio"]
[Result "1-0"]
[ECO "D85"]
[WhiteElo "1771"]
[BlackElo "1527"]
[Annotator "NA RC"]
[PlyCount "109"]
[EventDate "2022.08.12"]
[EventType "team-tourn"]
[EventRounds "7"]
[EventCountry "GER"]
[SourceTitle "playchess.com"]
[Source "ChessBase"]
[SourceQuality "1"]
[TimeControl "40/5400+30:1800+30"]

1. d4 Nf6 2. c4 g6 3. Nc3 d5 4. cxd5 Nxd5 5. e4 Nxc3 6. bxc3 Bg7 7. Be3 c5 8. Bb5+ Bd7 9. Bxd7+ Qxd7 10. Nf3 Nc6 11. O-O O-O 12. Qd2 cxd4 13. cxd4 Rfd8 14. Rfd1 Qg4 15. Qd3 b6 16. h3 Qd7 17. Rac1 Ne5 18. Nxe5 Bxe5 19. Qb3 Bg7 20. d5 Rac8 21. f4 Rxc1 22. Rxc1 e6 23. dxe6 Qxe6 24. Qxe6 fxe6 25. Kf2 Rd7 26. Rc8+ Kf7 27. e5 Bf8 28. Ke2 Bb4 29. Rc4 Be7 30. g4 Rd5 31. Ra4 Rd7 32. Kf3 Bc5 33. Bxc5 bxc5 34. Ke4 Ke7 35. Ra5 Rc7 36. Kd3 Rd7+ 37. Kc3 Rd4 38. Rxa7+ Kd8 39. Rxh7 Rxf4 40. Rh6 Re4 41. Rxg6 Rxe5 42. h4 Ke7 43. g5 Re4 44. h5 Rh4 45. h6 Kd6 46. Rg7 Kd5 47. h7 Rh3+ 48. Kb2 c4 49. g6 Rh2+ 50. Kc3 Rh3+ 51. Kb4 c3 52. Rc7 e5 53. Rxc3 Rh4+ 54. Kb3 e4 55. g7 1-0